 Dungeon Crawl Stone Soup version 0.29.1-14-g9c671dbff4 (webtiles) character file.

Game seed: 8322200099076782199

120 Cape the Covered (level 4, -7/40 HPs)
             Began as a Minotaur Fighter on Feb 17, 2023.
             Mangled by an orc warrior
             ... wielding a +0 long sword
              (16 damage)
             ... on level 4 of the Dungeon.
             The game lasted 00:05:22 (2616 turns).

Cape the Covered (Minotaur Fighter)                 Turns: 2616, Time: 00:05:22

Health: -7/40      AC:  7    Str: 22    XL:     4   Next: 75%
Magic:  4/4        EV:  9    Int:  5    God:
Gold:   206        SH:  4    Dex: 10    Spells: 3/3 levels left

rFire   . . .      SeeInvis .   a - +0 war axe
rCold   . . .      Faith    .   c - +0 buckler
rNeg    . . .      Spirit   .   h - +0 scale mail
rPois   .          Reflect  .   (helmet restricted)
rElec   .          Harm     .   (no cloak)
rCorr   .          Rampage  .   (no gloves)
Will    .....                   (no boots)
Stlth   ..........              (no amulet)
HPRegen 0.13/turn               (no ring)
MPRegen 0.09/turn               (no ring)

@: mighty, flying
A: horns 2, retaliatory headbutt
a: no special abilities


You were on level 4 of the Dungeon.
You visited 1 branch of the dungeon, and saw 4 of its levels.

You collected 206 gold pieces.

Inventory:

Hand Weapons
 a - a +0 war axe (weapon)
 b - a +0 sling
Missiles
 e - 12 poisoned darts (quivered)
 i - 36 stones
 o - 6 boomerangs
 t - 6 curare-tipped darts
Armour
 c - a +0 buckler (worn)
 h - a +0 scale mail (worn)
Scrolls
 f - 2 scrolls of noise {unknown}
 k - a scroll of blinking {unknown}
 n - a scroll of acquirement {unknown}
 p - 4 scrolls of identify {unknown}
 q - a scroll of vulnerability {unknown}
 s - a scroll of teleportation {unknown}
 u - a scroll of poison {unknown}
 v - a scroll of immolation {unknown}
Potions
 g - 2 potions of flight
 j - 2 potions of curing {unknown}
 l - 2 potions of heal wounds {unknown}
 m - a potion of invisibility {unknown}
 r - a potion of ambrosia {unknown}


   Skills:
 + Level 4.3 Fighting
 * Level 3.9 Axes
 + Level 4.3 Armour
 + Level 4.2 Shields
 + Level 1.4 Invocations


You had 3 spell levels left.
You didn't know any spells.
Your spell library contained the following spells:

 Spells                   Type           Power      Damage    Failure   Level
 Beastly Appendage        Tmut           0%         N/A       87%         1
 Slow                     Hex            0%         N/A       87%         1
 Wereblood                Tmut           0%         N/A       95%         2
 Confusing Touch          Hex            0%         N/A       99%         3
 Spider Form              Tmut/Pois      0%         N/A       99%         3
 Vampiric Draining        Necr           0%         2d6       99%         3


Dungeon Overview and Level Annotations

Branches:
Dungeon (4/15)
 Temple: D:4-7

Altars:
Cheibriados


Innate Abilities, Weirdness & Mutations

You have a pair of horns on your head.
You reflexively headbutt those who attack you in melee.


Message History

You kill the orc!
No target in view!
No target in view!
An orc comes into view. It is wielding a +0 mace.
The orc shouts!
You hear a shout! x2
An orc priest comes into view. It is wielding a +0 club.
Found a stone.
An orc warrior comes into view. It is wielding a +0 long sword.
The orc priest looks satisfied for a moment.
You hit the orc priest.
The orc priest is heavily wounded.
You barely miss the orc. The orc hits you with a +0 mace.
You block the orc priest's attack. The orc hits you but does no damage.
You hit the orc warrior but do no damage.
You headbutt the orc warrior, but do no damage.
You closely miss the orc. The orc barely misses you.
The orc warrior barely misses you. You furiously retaliate!
You headbutt the orc warrior, but do no damage.
You closely miss the orc warrior. You headbutt the orc warrior!
The orc warrior is heavily wounded.
You hit the orc. The orc hits you but does no damage.
The orc warrior hits you with a +0 long sword!
The orc priest calls upon Beogh to heal the orc warrior.
The orc warrior is healed somewhat.
You hit the orc warrior.
The orc warrior is heavily wounded.
You hit the orc.
You kill the orc!
The orc priest calls down the wrath of Beogh upon you.
Pain shoots through your body!
The orc warrior hits you with a +0 long sword!
* * * LOW HITPOINT WARNING * * *
You feel very mighty all of a sudden. You block the orc warrior's attack.
The orc priest hits you with a +0 club.
* * * LOW HITPOINT WARNING * * *
It was a potion of flight.
You feel very buoyant.
You fly up into the air.
The orc warrior hits you with a +0 long sword!
You die...

#......# #.. #.
##..>#.# ### . #.
###.#.#.... .. #.
#.......###
#.###.#######.#.#.###
# #.............#.#.#
# .......##.#..#.#.#
# #.oo# #....#.#.# #
#.#@# ###......##
#().## ##........
####.###.#.#.####
##.).##.#.#
##.###.#.# #.# .# #.#
.# ... .. ### #.


You could see an orc warrior and an orc priest.

Vanquished Creatures
  Terence (D:3)
  An adder (D:3)
  A worm (D:3)
  2 dart slugs (D:2)
  3 orcs
  9 ball pythons
  4 endoplasms
  5 giant cockroaches (D:1)
  7 hobgoblins
  4 jackals (D:4)
  5 quokkas
  5 bats
  4 frilled lizards
  5 goblins
  5 kobolds
  10 rats
71 creatures vanquished.

Vanquished Creatures (others)
  2 fungi (D:1)
2 creatures vanquished.

Grand Total: 73 creatures vanquished

Notes
Turn   | Place    | Note
-------+----------+-------------------------------------------
     0 | D:1      | Cape the Minotaur Fighter began the quest for the Orb.
     0 | D:1      | Reached XP level 1. HP: 19/19 MP: 0/0
   163 | D:1      | Reached XP level 2. HP: 17/27 MP: 1/1
   507 | D:1      | Found a faded altar of an unknown god.
   942 | D:2      | Reached XP level 3. HP: 33/33 MP: 2/2
  1194 | D:2      | Reached skill level 1 in Invocations
  1941 | D:3      | Noticed Terence
  1953 | D:3      | Killed Terence
  1954 | D:3      | Reached XP level 4. HP: 35/40 MP: 3/3
  2345 | D:3      | Found a snail-covered altar of Cheibriados.
  2609 | D:4      | Noticed an orc warrior
  2616 | D:4      | Mangled by an orc warrior

Illustrated notes

Levels and vault maps discovered:
D:1:      amcnicky_arrival_underground_garden, layout_loops_ring,
          shapermc_ecumenical_altar_mp_urbaneastern, minmay_close_crescents
D:2:      layout_loops_ring, dreamdust_wishing_well, minmay_3d_cube
D:3:      layout_basic, marbit_many_paths, uniq_terence
D:4:      layout_loops_ring

Skill      XL: |  1  2  3 |
---------------+----------+-----
Axes           | 3 |  3.9
Shields        | 4 |  4.2
Armour         | 4 |  4.3
Invocations    | 1 |  1.4
Fighting       | 4 |  4.3

Action                   |  1- 3 |  4- 6 || total
-------------------------+-------+-------++-------
Melee: War axe           |    92 |    50 ||   142
       Headbutt          |    15 |     9 ||    24
 Fire: Sling             |     8 |     7 ||    15
  Use: Potion            |       |     2 ||     2
Armor: Scale mail        |    48 |    25 ||    73
Dodge: Dodged            |    33 |    30 ||    63
Block: Buckler           |    21 |    15 ||    36
